 Dungeon Crawl Stone Soup version 0.25-a0-194-gece12570e2 (webtiles) character file.

Game seed: 172493050721908214, levelgen mode: deterministic

26 tognito the Chopper (level 2, -4/26 HPs)
             Began as a Minotaur Berserker on Nov 30, 2019.
             Was a Follower of Trog.
             Slain by an orc
             ... wielding a +0 flail
              (8 damage)
             ... on level 2 of the Dungeon.
             The game lasted 00:01:29 (657 turns).

tognito the Chopper (Minotaur Berserker)             Turns: 657, Time: 00:01:30

Health: -4/26      AC:  3    Str: 21    XL:     2   Next: 89%
Magic:  1/1        EV: 12    Int:  4    God:    Trog [*.....]
Gold:   57         SH:  0    Dex:  9    Spells: 1/1 levels left

rFire    . . .     SeeInvis .   a - +0 hand axe
rCold    . . .     Gourm    .   (no shield)
rNeg     . . .     Faith    .   b - +0 animal skin
rPois    .         Spirit   .   (helmet restricted)
rElec    .         Reflect  .   j - +0 cloak
rCorr    .         Harm     .   (no gloves)
MR       .....                  (no boots)
Stlth    +.........             (no amulet)
HPRegen  0.08/turn              (no ring)
MPRegen  0.07/turn              (no ring)

@: no status effects
A: retaliatory headbutt, horns 2
a: Berserk, Renounce Religion


You were on level 2 of the Dungeon.
You worshipped Trog.
Trog was aware of your devotion.
You were not hungry.

You visited 1 branch of the dungeon, and saw 2 of its levels.

You collected 57 gold pieces.

Inventory:

Hand Weapons
 a - a +0 hand axe (weapon)
Missiles
 d - 25 bolts
 e - 42 arrows
Armour
 b - a +0 animal skin (worn)
 j - a +0 cloak (worn)
Scrolls
 f - 2 scrolls of immolation {unknown}
 g - a scroll of blinking {unknown}
 h - a scroll of random uselessness {unknown}
 k - a scroll of identify {unknown}
Comestibles
 c - 3 rations
 i - 3 chunks of flesh


   Skills:
 - Level 3.6 Fighting
 * Level 5.0 Axes
 - Level 2.4 Armour
 - Level 2.1 Dodging


You had one spell level left.
You didn't know any spells.
Your spell library was empty.

Dungeon Overview and Level Annotations

Branches:
Dungeon (2/15)

Altars:


Innate Abilities, Weirdness & Mutations

You reflexively headbutt those who attack you in melee.
You have a pair of horns on your head.


Message History

The orc wizard points at you and mumbles some strange words.
The puff of flame hits you!
You hit the orc but do no damage. You headbutt the orc.
The orc is severely wounded.
You completely miss the hobgoblin. The hobgoblin hits you.
You hit the orc wizard. You headbutt the orc wizard.
The orc wizard is heavily wounded.
You hit the hobgoblin. The hobgoblin barely misses you.
You furiously retaliate!
You headbutt the hobgoblin!
You kill the hobgoblin!
Trog accepts your kill.
Some of the chunks of flesh in your inventory have rotted away.
You barely miss the orc.
The orc is severely wounded.
You barely miss the orc wizard.
The orc wizard gestures at you while chanting.
The puff of frost hits you!
* * * LOW HITPOINT WARNING * * *
The orc hits you with a +0 flail!
You die...

#......#
#......#
#..?...# .
#....$.+
#.##......#
..........##
......).#o.#
#....<@o.#
#...#....g..#
#.# #.####..#
.. #.. ... .
### #


You could see an orc wizard, an orc and a goblin.

Vanquished Creatures
  A gnoll (D:1)
  A leopard gecko (D:1)
  An orc (D:2)
  4 bats (D:1)
  2 goblins (D:1)
  2 hobgoblins
  A ball python (D:1)
  A frilled lizard (D:1)
  A kobold (D:1)
  3 rats (D:1)
17 creatures vanquished.

Notes
Turn   | Place    | Note
-------+----------+-------------------------------------------
     0 | D:1      | tognito the Minotaur Berserker began the quest for the Orb.
     0 | D:1      | Reached XP level 1. HP: 19/19 MP: 0/0
    98 | D:1      | Reached skill level 4 in Axes
    98 | D:1      | Reached XP level 2. HP: 6/26 MP: 1/1
   654 | D:2      | Reached skill level 5 in Axes
   657 | D:2      | Slain by an orc

Levels and vault maps discovered:
D:1:      beargit_arrival_greenhouse, layout_rooms, st_stairs_10
D:2:      layout_basic, first_ration

Skill      XL: |  1  2 |
---------------+-------+-----
Axes           | 4 5 |  5.0
Fighting       | |  3.6
Armour         | |  2.4
Dodging        | |  2.1

Action                   || total
-------------------------++-------
Melee: Hand axe          ||    38
       Headbutt          ||     8
  Use: Potion            ||     3
Armor: Animal skin       ||     7
Dodge: Dodged            ||    27

Table legend:
 A = Non-vault XP
 B = Vault XP
 C = Vault XP percentage of total XP
 D = Non-vault monster count
 E = Vault monster count
 F = Vault count percentage of total count
                 A         B        C        D         E       F
            +---------+---------+-------+---------+---------+-------
      Total |      33 |       5 |  13.2 |      14 |       3 |  17.6
            +---------+---------+-------+---------+---------+-------
        D:1 |      28 |       5 |  15.2 |      12 |       3 |  20.0
        D:2 |       5 |       0 |   0.0 |       2 |       0 |   0.0
            +---------+---------+-------+---------+---------+-------
